 Dungeon Sprint DCSS version 0.29.1-15-g9cfb28693d (webtiles) character file.

Game seed: 7860120953634224165

459 boopmooplesden the Fighter (level 6, -3/67 HPs)
             Began as a Minotaur Fighter on Mar 19, 2023.
             Slain by a neqoxec (6 damage)
             ... in the Dungeon (Sprint II: "The Violet Keep of Menkaure").
             The game lasted 00:00:42 (291 turns).

boopmooplesden the Fighter (Minotaur Fighter)        Turns: 291, Time: 00:00:44

Health: -3/67      AC:  5    Str: 22      XL:     6   Next: 78%
Magic:  3/3        EV:  9    Int:  4 (5)  God:
Gold:   243        SH:  5    Dex:  6      Spells: 5/5 levels left

rFire   . . .      SeeInvis .   a - +0 war axe
rCold   . . .      Faith    .   c - +0 buckler
rNeg    . . .      Spirit   .   b - +0 scale mail
rPois   .          Reflect  .   (helmet restricted)
rElec   .          Harm     .   (no cloak)
rCorr   .          Rampage  .   (no gloves)
Will    .....      NoTele   +   (no boots)
Stlth   ..........              (no amulet)
HPRegen 0.21/turn               (no ring)
MPRegen 0.08/turn               (no ring)

@: unable to read
A: horns 2, retaliatory headbutt, clumsy 2, deformed body, low MP 2, inability
to read after injury 1
a: no special abilities


You were in the Dungeon.
You visited 1 branch You collected 243 gold pieces.

Inventory:

Hand Weapons
 a - a +0 war axe (weapon)
Armour
 b - a +0 scale mail (worn)
 c - a +0 buckler (worn)
Scrolls
 j - a scroll of blinking
Potions
 e - a potion of curing
 g - a potion of haste
 h - 2 potions of magic
 i - a potion of berserk rage


   Skills:
 + Level 10.3 Fighting
 + Level 7.6 Axes
 + Level 10.0 Armour
 + Level 0.4 Dodging
 + Level 9.3 Shields


You had 5 spell levels left.
You didn't know any spells.
Your spell library was empty.

Dungeon Overview and Level Annotations

Branches:
Dungeon (1/1)

Altars:


Innate Abilities, Weirdness & Mutations

You have a pair of horns on your head.
You reflexively headbutt those who attack you in melee.
You are very clumsy. (Dex -4)
Armour fits poorly on your strangely shaped body.
Your magical capacity is very low. (-20% MP)
You occasionally lose the ability to read scrolls when taking damage.


Message History

The neqoxec shouts!
You closely miss the neqoxec. The neqoxec hits you!
The neqoxec gestures at you.
Something tries to feed on your intellect!
You closely miss the neqoxec. The neqoxec hits you!
You feel threatened and lose the ability to read scrolls!
* * * LOW HITPOINT WARNING * * *
You hit the neqoxec. Your headbutt misses the neqoxec.
The neqoxec is lightly wounded.
The neqoxec gestures at you.
Strange energies course through your body.
You feel clumsy.
You barely miss the neqoxec.
The neqoxec is lightly wounded.
The neqoxec gestures at you.
Strange energies course through your body.
You feel less energetic.
You hit the neqoxec.
The neqoxec is moderately wounded.
The neqoxec misses you.
You closely miss the neqoxec. Your headbutt misses the neqoxec.
The neqoxec is moderately wounded.
The neqoxec gestures at you.
You feel dopey. Something feeds on your intellect!
You hit the neqoxec but do no damage. You headbutt the neqoxec.
The neqoxec is heavily wounded.
You block the neqoxec's attack.
You slash the neqoxec! Your headbutt misses the neqoxec.
The neqoxec is severely wounded.
The neqoxec hits you.
* * * LOW HITPOINT WARNING * * *
You barely miss the neqoxec.
The neqoxec is severely wounded.
You can read scrolls again.
The neqoxec hits you!
You feel threatened and lose the ability to read scrolls!
* * * LOW HITPOINT WARNING * * *
The neqoxec hits you.
You die...

#≈≈≈≈ #'''# ...
##'## #.$.## ##
#..##.# .#
####.#### .##
#3###.##..#
##@####.#..#
+.<.'.##+†.#
##.##...#†...#
#+###.##......~
### ~..§.§~
~~~§..~ ~~§§§.~
≈≈~~~~§ §§≈≈§~~


You could see a neqoxec.

Vanquished Creatures
  3 neqoxecs (D)
  A water moccasin (D)
  3 worms (D)
7 creatures vanquished.

Notes
Turn   | Place    | Note
-------+----------+-------------------------------------------
     0 | D        | boopmooplesden the Minotaur Fighter began the quest for the
                  | Orb.
     0 | D        | Reached XP level 1. HP: 19/19 MP: 0/0
    18 | D        | Noticed a water moccasin
    22 | D        | HP: 1/22 [water moccasin (5)]
    24 | D        | Killed a water moccasin
    25 | D        | Reached XP level 2. HP: 31/31 MP: 1/1
    25 | D        | Reached XP level 3. HP: 38/38 MP: 2/2
    25 | D        | Reached XP level 4. HP: 45/45 MP: 3/3
    43 | D        | Noticed a neqoxec
    43 | D        | Gained mutation: You are clumsy. (Dex -2) [a neqoxec]
    46 | D        | Gained mutation: Your magical capacity is low. (-10% MP) [a
                  | neqoxec]
    47 | D        | Gained mutation: Armour fits poorly on your strangely
                  | shaped body. [a neqoxec]
    54 | D        | Killed a neqoxec
    55 | D        | Reached skill level 5 in Axes
    55 | D        | Reached XP level 5. HP: 25/56 MP: 3/3
    57 | D        | Noticed a neqoxec
    63 | D        | Killed a neqoxec
    64 | D        | Reached XP level 6. HP: 9/66 MP: 4/4
   174 | D        | Noticed a neqoxec
   178 | D        | Gained mutation: You occasionally lose the ability to read
                  | scrolls when taking damage. [a neqoxec]
   188 | D        | Killed a neqoxec
   189 | D        | Reached skill level 10 in Fighting
   189 | D        | Reached skill level 10 in Armour
   281 | D        | Noticed a neqoxec
   285 | D        | Gained mutation: You are very clumsy. (Dex -4) [a neqoxec]
   286 | D        | Gained mutation: Your magical capacity is very low. (-20%
                  | MP) [a neqoxec]
   291 | D        | HP: 3/67 [neqoxec (9)]
   291 | D        | Slain by a neqoxec

Illustrated notes

Levels and vault maps discovered:
D:        the_violet_keep_of_menkaure [sprint2_stairs_cluster_1,
          sprint2_shoproom, sprint2_temple, sprint2_basic_supplies,
          sprint2_obstacle_4, sprint2_obstacle_1, sprint2_obstacle_7,
          sprint2_obstacle_3, sprint2_obstacle_6, sprint2_timed_cluster_1,
          sprint2_smallroom_cluster_1, sprint2_smallroom_final_cluster_1,
          sprint2_transparent_cluster_1, sprint2_second_timed_cluster_1,
          sprint2_sniper_area_1, sprint2_heavy_combat_area_1,
          sprint2_mutation_trap_area_1, sprint2_forest_area_1,
          sprint2_light_combat_area_1, sprint2_behind_water_1,
          sprint2_near_end_vault_1]

Skill      XL: |  1  2  3  4  5  6 |
---------------+-------------------+-----
Fighting       | 6 8 9 10 | 10.3
Armour         | 6 8 9 10 | 10.0
Shields        | 6 8 9 |  9.3
Axes           | 4 5 6 7 |  7.6
Dodging        | |  0.4

Action                   |  1- 3 |  4- 6 || total
-------------------------+-------+-------++-------
Melee: War axe           |    12 |    39 ||    51
       Headbutt          |     3 |     7 ||    10
  Use: Potion            |     2 |       ||     2
Armor: Scale mail        |     6 |     4 ||    10
Dodge: Dodged            |     2 |     6 ||     8
Block: Buckler           |       |     8 ||     8
